 Dungeon Crawl Stone Soup version 0.31-a0-44-g49d609d0da (webtiles) character file.

Game seed: 7278986882452560571

31661 BlueFish the Fighter (level 13, -12/116 HPs)
             Began as a Green Draconian Artificer on May 20, 2023.
             Was an Elder of Fedhas.
             Mangled by an orc knight
             ... wielding a +0 broad axe
              (22 damage)
             ... on level 1 of the Orcish Mines.
             The game lasted 00:51:08 (20610 turns).

BlueFish the Fighter (Green Draconian Artificer)   Turns: 20610, Time: 00:51:09

Health: -12/116    AC:  9    Str: 15    XL:     13   Next: 27%
Magic:  13/17      EV: 16    Int: 15    God:    Fedhas [****..]
Gold:   1749       SH:  0    Dex: 13    Spells: 8/14 levels left

rFire   . . .        n - +2 short sword (flame)
rCold   . . .        (no shield)
rNeg    . . .        (body armour unavailable)
rPois   +            (helmet restricted)
rElec   .            (no cloak)
rCorr   .            U - +0 pair of gloves
SInv    +            (no boots)
Will    +....        j - amulet of regeneration
Stlth   ++++         k - ring of willpower
HPRegen 1.19/turn    s - ring of see invisible
MPRegen 0.15/turn

%: no passive effects
@: short of breath
A: breathe noxious fumes, AC +8, unfitting armour, poison resistance,
cold-blooded
a: Breathe Noxious Fumes, Renounce Religion, Wall of Briars, Grow
Ballistomycete, Overgrow


You were on level 1 of the Orcish Mines.
You worshipped Fedhas.
Fedhas was greatly pleased with you.
You visited 4 branches of the dungeon, and saw 20 of its levels.

You collected 1749 gold pieces.

Inventory:

Hand Weapons
 a - a +0 club
 e - a +0 vampiric whip
 n - a +2 short sword of flaming (weapon)
 O - the +3 dagger of Duty {freeze, rF+++ Will- Str+2}
   (You found it on level 6 of the Dungeon)

   Str:       It affects your strength (+2).
   rF:        It renders you almost immune to fire.
   Will:      It decreases your willpower.
Missiles
 B - a throwing net
Armour
 U - a +0 pair of gloves (worn)
Jewellery
 j - an amulet of regeneration (around neck)
 k - a ring of willpower (left hand)
 p - a +5 ring of evasion
 s - a ring of see invisible (right hand)
 D - a ring of willpower
 L - a +6 ring of intelligence
 R - a ring of positive energy
 S - a ring of resist corrosion
Wands
 b - a wand of flame (49) (quivered)
 c - a wand of charming (14)
 d - a wand of iceblast (13)
 M - a wand of paralysis (33)
 P - a wand of digging (4)
 T - a wand of mindburst (2)
 W - a wand of acid (2)
Scrolls
 f - 4 scrolls of blinking {unknown}
 i - 9 scrolls of teleportation
 o - a scroll of brand weapon {unknown}
 q - a scroll of amnesia {unknown}
 t - 3 scrolls of vulnerability
 u - a scroll of acquirement {unknown}
 w - 2 scrolls of fear
 y - 2 scrolls of silence {unknown}
 z - 8 scrolls of poison
 A - 4 scrolls of fog
 F - a scroll of torment
 G - a scroll of immolation
 H - 3 scrolls of summoning
 J - 5 scrolls of enchant armour
 K - 2 scrolls of magic mapping
 Q - 2 scrolls of enchant weapon {unknown}
Potions
 g - 6 potions of might
 h - 8 potions of curing
 l - a potion of magic
 m - 7 potions of haste
 r - 2 potions of ambrosia
 v - 6 potions of lignification
 x - 4 potions of brilliance
 C - 2 potions of attraction
 E - 4 potions of flight {unknown}
 I - 4 potions of cancellation
 N - 4 potions of resistance
 V - a potion of mutation {unknown}
 X - 2 potions of invisibility {unknown}


   Skills:
 + Level 11.0 Fighting
 + Level 9.8 Short Blades
 + Level 9.5 Dodging
 + Level 10.1 Stealth
 + Level 1.1 Spellcasting
 * Level 2.5 Poison Magic
 + Level 5.8 Invocations
 + Level 10.5 Evocations


You had 8 spell levels left.
You knew the following spells:

 Your Spells              Type           Power      Damage    Failure   Level
a - Poisonous Vapours     Pois/Air       8%         N/A       22%         2
b - Olgreb's Toxic Radia  Pois           8%         N/A       63%         4

Your spell library contained the following spells:

 Spells                   Type           Power      Damage    Failure   Level
 Sting                    Tmut/Pois      16%        1d3       14%         1
 Call Imp                 Summ           0%         N/A       36%         2
 Call Canine Familiar     Summ           0%         N/A       58%         3
 Ozocubu's Armour         Ice            0%         N/A       58%         3
 Portal Projectile        Hex/Tloc       0%         N/A       58%         3
 Airstrike                Air            0%         2d(0-16)  94%         4
 Leda's Liquefaction      Hex/Erth       0%         N/A       94%         4
 Summon Lightning Spire   Summ/Air       0%         N/A       94%         4
 Plasma Beam              Fire/Air       0%         2x1d11    100%        6
 Ozocubu's Refrigeration  Ice            0%         4d7       100%        7
 Storm Form               Tmut/Air       0%         N/A       100%        7
 Maxwell's Capacitive Co  Air            0%         ∞         100%        8
 Summon Horrible Things   Summ           0%         N/A       100%        8


Dungeon Overview and Level Annotations

Branches:
Dungeon (12/15)            Temple (1/1) D:5            Lair (5/5) D:11
 Shoals (0/4) Lair:2       Spider (0/4) Lair:2        Slime (0/5) Lair:5
    Orc (2/2) D:10
    Elf: Orc:2

Altars:
Ashenzari
Cheibriados
Dithmenos
Elyvilon
Fedhas
Gozag
Hepliaklqana
Kikubaaqudgha
Makhleb
Nemelex Xobeh
Okawaru
Qazlal
Ru
Sif Muna
Trog
Uskayaw
Vehumet
Wu Jian
Xom
Yredelemnul
Zin
The Shining One

Shops:
D:10 (   Orc:2 (=

Annotations:
D:7 3 runed translucent doors, BlasphemerAmon's ghost, novice GnFi


Innate Abilities, Weirdness & Mutations

You can breathe blasts of noxious fumes.
Your lurid green scales are hard. (AC +8)
You cannot fit into any form of body armour.
Your system is resistant to poisons. (rPois)
You are cold-blooded and may be slowed by cold attacks.


Message History

The orc knight is severely wounded.
The orc knight hits you with a +0 broad axe!
* * * LOW HITPOINT WARNING * * *
You closely miss the orc knight.
The orc knight is severely wounded.
You hit the orc knight but do no damage.
The orc knight is severely wounded.
The orc knight hits you with a +0 broad axe!!
* * * LOW HITPOINT WARNING * * *
You feel much better.
You have got your breath back.
The orc knight hits you with a +0 broad axe!
* * * LOW HITPOINT WARNING * * *
Casting: Olgreb's Toxic Radiance (dangerous; 63% risk of failure)
Confirm with . or Enter, or press ? or * to list all spells.
Aiming: Poisonous Vapours (safe; 22% risk of failure)
Press: ? - help, Dir - move target, f/p - orc knight
Aim: an orc knight, wielding a +0 broad axe and wearing a +0 plate armour (severely wounded, strong) Poisonous vapours surround the orc knight!
The orc knight is poisoned.
The orc knight barely misses you.
Casting: Poisonous Vapours (safe; 22% risk of failure)
Confirm with . or Enter, or press ? or * to list all spells.
Aiming: Poisonous Vapours (safe; 22% risk of failure)
Press: ? - help, Dir - move target, f/p - orc knight
Aim: an orc knight, wielding a +0 broad axe and wearing a +0 plate armour (severely wounded, strong, poisoned) Poisonous vapours surround the orc knight!
The orc knight looks even sicker.
The orc knight no longer looks unusually strong.
The orc knight hits you with a +0 broad axe!
* * * LOW HITPOINT WARNING * * *
Aiming: Breathe Noxious Fumes (2% risk of failure)
Press: ? - help, Shift-Dir - straight line, f/p - orc knight
Aim: an orc knight, wielding a +0 broad axe and wearing a +0 plate armour (severely wounded, very poisoned, 64% to hit)
You exhale a blast of noxious fumes.
The blast of choking fumes hits the orc knight.
The orc knight is severely wounded.
The orc knight is engulfed in noxious fumes.
The orc knight hits you with a +0 broad axe!!
You die...
Fedhas appreciates your contribution to the ecosystem.

###..#..................##
####...........#.#.....#
#..............#....##
#####...............#....#
#.##....................##
...##...................##
..###....................#
#.##..)#........>.......##
..........☼☼§○☼o@[.......#
#.##...........#.........#
#####....[..............##
##...........[........#
#...#).....#.........##
###.##[)...###.........#
##.###.................##
#..)<)...#.......#...###
##...)........>..##...#


You could see an orc knight (very poisoned).

Vanquished Creatures
  A hydra (Lair:5)
  3 two-headed ogres
  Nergalle (Lair:1)
  A skyshark (Lair:4)
  A swamp dragon (Lair:5)
  Pikel (D:5)
  2 orc knights
  3 manticores
  A cyclops (D:11)
  5 black mambas
  A guardian serpent (Lair:5)
  Maggie (D:7)
  9 cane toads
  2 unseen horrors (D:11)
  A rime drake (Lair:2)
  2 komodo dragons
  2 trolls (Orc:1)
  A wind drake (Lair:2)
  A polar bear (Lair:2)
  3 hornets (Lair:5)
  Prince Ribbit (D:5)
  4 blink frogs (Lair:2)
  A shadow (D:9)
  4 wraiths
  31 yaks
  2 basilisks (Lair:5)
  Eustachio (D:5)
  6 wyverns
  Grum (D:8)
  2 steam dragons
  4 redbacks (Lair:5)
  Menkaure (D:4)
  2 acid dragons
  18 water moccasins
  Duvessa (D:7)
  4 swamp drakes (Lair:5)
  17 orc warriors
  2 sky beasts (D:8)
  A black bear (D:5)
  2 ice beasts (D:6)
  A centaur (D:10)
  2 ogres
  10 wolves
  3 lemures (D:5)
  2 phantoms (D:5)
  4 kobold brigands
  8 bullfrogs
  A scorpion (D:5)
  8 wights (D:8)
  Dowan (D:7)
  6 howler monkeys
  4 hounds
  5 jellies
  10 orc priests
  A gnoll bouda (D:5)
  An iron imp (D:3)
  Ijyb (D:5)
  4 iguanas
  19 orc wizards
  7 gnolls
  8 adders
  4 shadow imps
  A white imp (D:8)
  An ufetubus (D:6)
  4 worms
  4 dart slugs
  53 orcs
  10 ball pythons
  2 bats
  7 endoplasms
  6 giant cockroaches
  5 goblins
  16 hobgoblins
  3 jackals (D:1)
  3 quokkas
  6 frilled lizards
  19 kobolds
  8 rats
405 creatures vanquished.

Vanquished Creatures (collateral kills)
  A gnoll bouda (D:4)
  A gnoll (D:4)
2 creatures vanquished.

Vanquished Creatures (others)
  4 oklob plants (Lair:5)
  A water moccasin (Lair:5)
  A sky beast (D:4)
6 creatures vanquished.

Grand Total: 413 creatures vanquished

Notes
Turn   | Place    | Note
-------+----------+-------------------------------------------
     0 | D:1      | BlueFish the Draconian Artificer began the quest for the
                  | Orb.
     0 | D:1      | Reached XP level 1. HP: 16/16 MP: 1/1
    61 | D:1      | Reached skill level 1 in Stealth
   176 | D:1      | Reached XP level 2. HP: 18/23 MP: 2/2
   558 | D:1      | Reached XP level 3. HP: 28/29 MP: 3/3
   938 | D:2      | Found a faded altar of an unknown god.
  1173 | D:2      | Reached skill level 2 in Fighting
  1591 | D:2      | Reached XP level 4. HP: 36/36 MP: 4/4
  2157 | D:3      | Reached skill level 1 in Short Blades
  2171 | D:3      | Reached XP level 5. HP: 31/42 MP: 5/5
  2347 | D:3      | Found a snail-covered altar of Cheibriados.
  3089 | D:4      | Noticed Menkaure
  3186 | D:4      | Noticed a sky beast
  3226 | D:4      | Reached skill level 3 in Fighting
  3226 | D:4      | Reached XP level 6. HP: 33/51 MP: 6/6
  3599 | D:5      | Entered Level 5 of the Dungeon
  3633 | D:4      | Killed Menkaure
  4006 | D:5      | Your scales start taking on a lurid green colour.
  4006 | D:5      | Reached XP level 7. HP: 57/57 MP: 7/7
  4006 | D:5      | Gained mutation: Your system is resistant to poisons.
                  | (rPois) [Green Draconian growth]
  4051 | D:5      | Noticed Eustachio
  4063 | D:5      | Killed Eustachio
  4105 | D:5      | Reached skill level 4 in Fighting
  4346 | D:5      | Found a staircase to the Ecumenical Temple.
  4387 | D:5      | Reached skill level 5 in Evocations
  4403 | Temple   | Entered the Ecumenical Temple
  4517 | D:5      | Noticed Prince Ribbit
  4538 | D:5      | Noticed Pikel
  4657 | D:5      | Reached XP level 8. HP: 54/67 MP: 8/8
  4678 | D:5      | Noticed Ijyb
  4710 | D:5      | Killed Ijyb
  4894 | D:5      | Killed Prince Ribbit
  4895 | D:5      | Reached skill level 5 in Fighting
  4908 | D:5      | Killed Pikel
  4909 | D:5      | Reached skill level 5 in Dodging
  4909 | D:5      | Reached skill level 5 in Stealth
  5151 | D:5      | Found a burning altar of Makhleb.
  5347 | D:6      | Reached XP level 9. HP: 75/75 MP: 9/9
  5633 | D:6      | Reached skill level 6 in Fighting
  5633 | D:6      | Reached skill level 5 in Short Blades
  5966 | D:6      | Identified the +3 dagger of Duty {freeze, rF+++ Will-
                  | Str+2}
  6165 | D:7      | Noticed Duvessa
  6167 | D:7      | Noticed Dowan
  6174 | D:7      | Killed Duvessa
  6176 | D:7      | Killed Dowan
  6188 | D:7      | Noticed Maggie
  6230 | D:7      | Killed Maggie
  6490 | D:7      | Found a runed translucent gate.
  6490 | D:7      | Found a runed translucent gate.
  6490 | D:7      | Found a runed translucent gate.
  6620 | D:7      | Found a shimmering blue altar of Sif Muna.
  6634 | D:7      | Found a radiant altar of Vehumet.
  6685 | D:7      | Found an opulent altar of Gozag.
  6688 | D:7      | Noticed a meliai
  6690 | D:7      | Noticed BlasphemerAmon's ghost (novice GnFi)
  6724 | D:7      | Found an opulent altar of Gozag.
  7356 | D:7      | Found a hide-covered altar of Uskayaw.
  7810 | D:8      | Noticed Grum
  7842 | D:8      | Reached skill level 7 in Fighting
  7936 | D:8      | Killed Grum
  7937 | D:8      | Reached XP level 10. HP: 83/86 MP: 10/10
  9520 | D:9      | Noticed a manticore
  9527 | D:9      | Killed a manticore
  9564 | D:9      | Found a blossoming altar of Fedhas.
  9583 | D:9      | Noticed an oklob plant
 10076 | D:9      | Reached skill level 8 in Fighting
 10694 | D:9      | Found a glowing silver altar of Zin.
 10909 | D:10     | Entered Level 10 of the Dungeon
 11151 | D:10     | Found a bloodstained altar of Trog.
 11167 | D:10     | Noticed a two-headed ogre
 11178 | D:10     | Killed a two-headed ogre
 11179 | D:10     | Reached XP level 11. HP: 62/95 MP: 11/11
 11370 | D:10     | Found Wotiumo's Weapon Shoppe.
 11490 | D:10     | Noticed a two-headed ogre
 11515 | D:10     | Killed a two-headed ogre
 11694 | D:10     | Found a staircase to the Orcish Mines.
 11856 | D:11     | Identified the +0 pair of gloves of Daud {-Tele rElec rCorr
                  | Str+3}
 11971 | D:11     | Found a staircase to the Lair.
 12269 | D:11     | Reached skill level 9 in Fighting
 12559 | D:11     | Got the Compilation of the Phantasmal Tempest
 12589 | D:11     | Found a hide-covered altar of Uskayaw.
 12758 | D:9      | Became a worshipper of Fedhas Madash
 12924 | D:11     | Noticed a two-headed ogre
 12934 | D:11     | Killed a two-headed ogre
 12964 | D:12     | Noticed a boulder beetle
 13004 | Lair:1   | Entered Level 1 of the Lair of Beasts
 13022 | Lair:1   | Reached skill level 1 in Invocations
 13816 | Lair:1   | Noticed Nergalle
 13834 | Lair:1   | Killed Nergalle
 14037 | Lair:2   | Reached XP level 12. HP: 102/106 MP: 13/13
 14204 | Lair:2   | Found the +4 skin of Zhor {*Englaciate rC+++ SInv}
 14392 | Lair:2   | Found a hole to the Spider Nest.
 14559 | Lair:2   | Reached * piety under Fedhas
 14815 | Lair:2   | Found a staircase to the Shoals.
 15156 | Lair:3   | Found a snail-covered altar of Cheibriados.
 15422 | Lair:3   | Reached skill level 10 in Fighting
 16665 | Lair:5   | Entered Level 5 of the Lair of Beasts
 17004 | Lair:5   | Noticed an eight-headed hydra
 17012 | Lair:5   | Killed an eight-headed hydra
 17013 | Lair:5   | Reached skill level 10 in Evocations
 17229 | Lair:5   | Reached ** piety under Fedhas
 17425 | Lair:5   | Found a staircase to the Slime Pits.
 17566 | Lair:5   | Reached skill level 5 in Invocations
 17756 | Lair:5   | Noticed a seven-headed hydra
 18450 | Lair:5   | Reached XP level 13. HP: 89/114 MP: 17/17
 18664 | Lair:5   | Reached skill level 10 in Stealth
 18821 | Lair:5   | Learned a level 2 spell: Poisonous Vapours
 18826 | Lair:5   | Learned a level 4 spell: Olgreb's Toxic Radiance
 19220 | Lair:5   | Reached skill level 1 in Poison Magic
 19236 | Lair:5   | Noticed a fire dragon
 19428 | Orc:1    | Entered Level 1 of the Orcish Mines
 19470 | D:10     | Reached *** piety under Fedhas
 19978 | Orc:1    | Reached **** piety under Fedhas
 20252 | Orc:2    | Entered Level 2 of the Orcish Mines
 20282 | Orc:2    | Found Zilezuaj's Jewellery Boutique.
 20317 | Orc:1    | Reached skill level 1 in Spellcasting
 20493 | Orc:2    | Found Miolop's Antique Weapon Boutique.
 20493 | Orc:2    | Noticed an orc warlord
 20518 | Orc:1    | Reached skill level 11 in Fighting
 20610 | Orc:1    | Mangled by an orc knight

Illustrated notes

Levels and vault maps discovered:
D:1:      saegor_arrival_fortress, layout_basic
D:2:      layout_basic, nicolae_ecumenical_oubliette
D:3:      layout_basic, slow_altar_2, minmay_misc_feat_columns
D:4:      layout_basic, serial_corexii_hall, chequers_hall_statues_corner_a,
          chequers_hall_statues_wall_a, uniq_menkaure
D:5:      layout_loops_ring, general_overflow_altar,
          minmay_temple_entry_statues_fountains, serial_co_window_serial,
          co_window_paths_a, co_window_paths_b, co_window_of_opportunity_a,
          co_window_paths_b, co_window_corner_a, co_window_of_opportunity_c,
          co_window_paths_c, co_window_broadway_a, co_window_unsneaky_path_b,
          co_window_of_opportunity_b, uniq_ijyb, uniq_prince_ribbit1,
          uniq_eustachio, uniq_pikel
D:6:      layout_basic
D:7:      minmay_octagon_keep, layout_loops_ring,
          mainiacjoe_overflow_cross_hatched, mainiacjoe_overflow_big_doors,
          mainiacjoe_overflow_surrounded_room, ebering_ghost_gozag,
          serial_co_window_serial, co_window_corner_a, co_window_paths_a,
          co_window_paths_a, co_window_paths_a, co_window_of_opportunity_a,
          co_window_corner_cb, co_window_2corner, co_window_corner_b,
          glass_columns_c, glass_columns_a, minmay_misc_feat_tower, uniq_maggie,
          uniq_duvessa
D:8:      layout_layer_cave, minmay_bent, uniq_grum
D:9:      layout_basic, tgw_fedhas, zin_scriptorium
D:10:     layout_stronghold, mainiacjoe_overflow_catwalk, orc_0_dummy,
          serial_shops, nicolae_shop_crystal
D:11:     layout_big_octagon, lair_entry_dummy, nicolae_uskayaw_suspiria
D:12:     minmay_isolated_rectangles_in_corner, layout_loops_ring,
          gauntlet_entry_generic, uniq_kirke
Temple:   dshaligram_water_room_temple
Lair:1:   layout_cellular_growth, lemuel_fruit_fields,
          infiniplex_staircase_pool_2, lemuel_fruit_tree, serial_bayou_shore_a,
          uniq_nergalle
Lair:2:   layout_layer_cave, minmay_shoals_entry_beasts, dummy_spider_entry,
          hellmonk_guarded_unrand_zhor
Lair:3:   layout_roguey, basic_altar
Lair:4:   layout_loops_ring
Lair:5:   guppyfry_lair_end_dragon, layout_layer_cave,
          hangedman_lair_tendril_chambers, slime_entry_1, dpeg_oklob_1
Orc:1:    cheibrodos_orc_bank, layout_caves
Orc:2:    grunt_orc_gardens, layout_diamond_mine, grunt_orc_garden,
          grunt_orc_garden, grunt_orc_garden, grunt_orc_garden,
          gammafunk_ghost_wrathful_warriors, minmay_orc_temple_c

Skill      XL: |  1  2  3  4  5  6  7  8  9 10 11 12 13 |
---------------+----------------------------------------+-----
Stealth        | 1 2 3 4 5 6 7 8 9 10 | 10.1
Fighting       | 2 3 4 5 7 8 9 10 11 | 11.0
Short Blades   | 1 2 3 4 6 7 8 9 |  9.8
Dodging        | 3 4 5 6 7 8 9 |  9.5
Evocations     | 4 5 6 7 8 9 10 | 10.5
Invocations    | 2 5 |  5.8
Poison Magic   | 2 |  2.5
Spellcasting   | 1 |  1.1

Action                     |  1- 3 |  4- 6 |  7- 9 | 10-12 | 13-15 || total
---------------------------+-------+-------+-------+-------+-------++-------
  Melee: Club              |    24 |       |       |       |       ||    24
         Whip              |   123 |       |       |       |       ||   123
         Tailslap          |    11 |    30 |    72 |   259 |    70 ||   442
         Punch             |     1 |     4 |     9 |    22 |     5 ||    41
         Short sword       |    33 |   263 |   465 |  1317 |   345 ||  2423
   Cast: Poisonous Vapours |       |       |       |       |     4 ||     4
         Olgreb's Toxic Ra |       |       |       |       |     1 ||     1
 Invoke: Wall of Briars    |       |       |       |     2 |       ||     2
Ability: Breathe Noxious F |       |       |    21 |    58 |    28 ||   107
  Evoke: Wand              |       |     1 |       |     5 |     4 ||    10
    Use: Scroll            |       |     6 |     3 |    16 |       ||    25
         Potion            |       |       |       |     6 |     1 ||     7
   Stab: Sleeping          |     4 |     4 |     7 |    14 |     1 ||    30
         Confused          |       |       |    24 |    43 |    20 ||    87
         Distracted        |       |       |     1 |     4 |     1 ||     6
 Armour: Skin              |    65 |    29 |    58 |   169 |    35 ||   356
  Dodge: Dodged            |   114 |   150 |   294 |   755 |   145 ||  1458

Table legend: (Time is in decaauts)
 A = Elapsed time spent in this place.
 B = Non-inter-level travel time spent in this place.
 C = Inter-level travel time spent in this place.
 D = Time resting spent in this place.
 E = Time spent auto-exploring this place.
 F = Levels seen in this place.
 G = Mean time per level.
                   A        B        C        D        E       F      G
               +--------+--------+--------+--------+--------+-----+--------+
         Total |  20028 |  18989 |   1039 |    370 |  13153 |  20 | 1001.4 |
       Dungeon |  12970 |  12240 |    730 |    165 |   8461 |  12 | 1080.8 |
        Temple |     90 |     69 |     21 |      0 |     60 |   1 |   90.0 |
          Lair |   6038 |   5767 |    271 |     42 |   4282 |   5 | 1207.6 |
  Orcish Mines |    928 |    911 |     17 |    163 |    349 |   2 |  464.0 |
               +--------+--------+--------+--------+--------+-----+--------+

Top non-repeatable levels by time:
  Lair:5: 2350 daAuts
     D:8: 1634 daAuts
     D:7: 1591 daAuts
     D:9: 1582 daAuts
     D:5: 1297 daAuts
  Lair:2: 1158 daAuts
     D:4: 1121 daAuts
    D:11: 1115 daAuts
    D:10: 1025 daAuts
     D:1: 1001 daAuts
     D:3: 937 daAuts
     D:2: 904 daAuts
  Lair:3: 885 daAuts
  Lair:4: 879 daAuts
   Orc:1: 785 daAuts
